 Dungeon Crawl Stone Soup version 0.28-a0-1435-g82390b3a13 (webtiles) character file.

Game seed: 2928160481116859270

1425 oldriver the Skirmisher (level 8, -2/65 HPs)
             Began as a Demonspawn Chaos Knight on Jan 10, 2022.
             Was a Plaything of Xom.
             Slain by a centaur (4 damage)
             ... on level 5 of the Dungeon.
             The game lasted 00:06:58 (4712 turns).

oldriver the Skirmisher (Demonspawn Chaos Knight)   Turns: 4712, Time: 00:06:59

Health: -2/65      AC:  7    Str: 16    XL:     8   Next: 44%
Magic:  8/8        EV: 13    Int: 13    God:    Xom [.*....]
Gold:   238        SH:  0    Dex: 10    Spells: 7/7 levels left

rFire   . . .      SeeInvis .   a - +0 spear (chaos)
rCold   . . .      Faith    .   (no shield)
rNeg    . . .      Spirit   .   b - +2 leather armour
rPois   .          Reflect  .   (helmet restricted)
rElec   .          Harm     .   (no cloak)
rCorr   .          Rampage  .   (no gloves)
Will    .....      Rage     1%  (no boots)
Stlth   ++........              (no amulet)
HPRegen 0.20/turn               (no ring)
MPRegen 0.11/turn               (no ring)

@: weak-willed
A: antennae 2, yellow scales 1, powered by pain 1, hooves 1, camouflage 1,
berserk 1, clumsy 1, evolution 1
a: Renounce Religion


You were on level 5 of the Dungeon.
You worshipped Xom.
You were a plaything of Xom.
You visited 1 branch of the dungeon, and saw 5 of its levels.

You collected 238 gold pieces.

Inventory:

Hand Weapons
 a - a +0 spear of chaos (weapon)
Missiles
 i - 3 silver javelins (quivered)
Armour
 b - a +2 leather armour (worn)
Jewellery
 d - a +6 ring of dexterity
Wands
 k - a wand of acid (5)
Scrolls
 c - a scroll of vulnerability
 f - 2 scrolls of identify
 g - a scroll of brand weapon
Potions
 m - a potion of flight


   Skills:
 + Level 6.7 Fighting
 + Level 6.1 Polearms
 - Level 1.7 Armour
 + Level 5.5 Dodging


You had 7 spell levels left.
You didn't know any spells.
Your spell library contained the following spells:

 Spells                   Type           Power      Damage    Failure   Level
 Slow                     Hex            0%         N/A       36%         1
 Ensorcelled Hibernation  Hex/Ice        0%         N/A       50%         2
 Confusing Touch          Hex            0%         N/A       75%         3
 Spider Form              Tmut/Pois      0%         N/A       75%         3
 Tukima's Dance           Hex            0%         N/A       75%         3
 Vampiric Draining        Necr           0%         2d6       75%         3
 Passage of Golubria      Tloc           0%         N/A       98%         4
 Yara's Violent Unravell  Hex/Tmut       0%         3d3       100%        5


Dungeon Overview and Level Annotations

Branches:
Dungeon (5/15)
 Temple: D:4-7

Altars:
Makhleb
Okawaru

Shops:
D:2 =

Annotations:
D:4 2 transporters, pgiattino's ghost, amateur TeSu
D:5 Sigmund


Innate Abilities, Weirdness & Mutations

You have a pair of antennae on your head.
You are partially covered in yellow scales. (AC +2)
You sometimes gain a little power by taking damage.
You have large cloven feet.
Your skin changes colour to match your surroundings (Stealth+).
You tend to lose your temper in combat.
You are clumsy. (Dex -2)
You have hidden genetic potential.


Message History

The centaur hits you but does no damage.
The centaur kicks you.
* * * LOW HITPOINT WARNING * * *
You are too injured to fight recklessly!
You barely miss the centaur. The centaur barely misses you. x2
You hit the centaur. Lightning courses through the centaur!
Your kick misses the centaur.
The centaur is severely wounded.
The centaur hits you.
* * * LOW HITPOINT WARNING * * *
The centaur kicks you but does no damage.
The centaur wields a +0 shortbow.
The centaur shoots an arrow.
The arrow barely misses you.
Okay, then.
The centaur unwields a +0 shortbow.
The centaur closely misses you. The centaur kicks you.
* * * LOW HITPOINT WARNING * * *
The centaur closely misses you. The centaur kicks you.
* * * LOW HITPOINT WARNING * * *
You closely miss the centaur. Your kick misses the centaur.
The centaur is severely wounded.
The centaur hits you but does no damage.
The centaur closely misses you.
You hit the centaur but do no damage. You kick the centaur, but do no damage.
The centaur is severely wounded.
The centaur hits you but does no damage.
The centaur kicks you.
* * * LOW HITPOINT WARNING * * *
You hit the centaur but do no damage.
The centaur is poisoned.
The centaur is severely wounded.
The centaur hits you but does no damage.
The centaur misses you. The orc wizard misses you.
You hit the orc wizard. You burn the orc wizard. You kick the orc wizard.
The orc wizard is severely wounded.
The centaur misses you. The centaur barely misses you.
The orc wizard hits you but does no damage.
You closely miss the orc wizard. You kick the orc wizard.
The orc wizard is almost dead.
The centaur hits you.
You die...

#...o....#*{*,
#.########*,*,* #
#.# * *,##### #.#
*,*,..... #)# *
**##### #.#
****,** #### #=#
*, ,,,* #...
####o#### * ,, ,*
#... #....@..# ,,
* #... #...c...#
,, ,,* #...
#.......... ,
,*#...
#............,,
,*#...
####.#........,,,
#... #.#.?......
, #...
#.#........, ,
#... #.#########
**#... * * ** *
####


You could see a centaur (very poisoned, weak-willed) and an orc wizard.

Vanquished Creatures
  Pikel (D:5)
  Menkaure (D:4)
  A water moccasin (D:4)
  A necrophage (D:5)
  A lemure (D:5)
  A scorpion (D:5)
  A howler monkey (D:5)
  2 hounds
  A jelly (D:4)
  2 bullfrog skeletons (D:5)
  2 orc priests (D:5)
  Terence (D:3)
  An iguana (D:5)
  Ijyb (D:3)
  An orc wizard (D:4)
  A hound skeleton (D:3)
  3 adders
  2 adder skeletons
  2 worms (D:4)
  2 dart slugs (D:4)
  5 orcs
  2 ball pythons
  4 endoplasms
  4 giant cockroaches
  5 goblins
  7 hobgoblins
  4 jackals
  3 kobolds
  A quokka (D:1)
  A bat (D:3)
  3 frilled lizards
  A rat (D:3)
68 creatures vanquished.

Vanquished Creatures (collateral kills)
  A yak (shapeshifter) (D:4)
  An adder (D:5)
  A ball python (D:4)
  A hobgoblin (D:4)
  A kobold (D:4)
  3 goblins (D:4)
8 creatures vanquished.

Vanquished Creatures (others)
  An orc (D:5)
  A goblin (D:4)
2 creatures vanquished.

Grand Total: 78 creatures vanquished

Notes
Turn   | Place    | Note
-------+----------+-------------------------------------------
     0 | D:1      | oldriver the Demonspawn Chaos Knight began the quest for
                  | the Orb.
     0 | D:1      | Reached XP level 1. HP: 18/18 MP: 1/1
    45 | D:1      | Found a faded altar of an unknown god.
    94 | D:1      | Reached skill level 1 in Dodging
   371 | D:1      | Gained mutation: You are partially covered in yellow
                  | scales. (AC +2) [demonic ancestry]
   371 | D:1      | Reached XP level 2. HP: 24/24 MP: 2/2
   389 | D:1      | XOM: divination: magic mapping
   419 | D:1      | XOM: 1-stop teleportation journey
  1086 | D:2      | Found Zobuliw's Jewellery Shop.
  1179 | D:2      | Reached XP level 3. HP: 29/29 MP: 3/3
  1481 | D:3      | Noticed Terence
  1497 | D:3      | Killed Terence
  1704 | D:3      | Gained mutation: You sometimes gain a little power by
                  | taking damage. [demonic ancestry]
  1704 | D:3      | Reached XP level 4. HP: 37/37 MP: 4/4
  1851 | D:3      | Noticed Ijyb
  1866 | D:3      | XOM: butterfly on damage
  1870 | D:3      | Killed Ijyb
  2132 | D:3      | XOM: divination: magic mapping
  2267 | D:3      | XOM: noise
  2608 | D:4      | Reached XP level 5. HP: 38/42 MP: 5/5
  2619 | D:4      | Noticed Robin
  2622 | D:4      | Noticed Robin
  2622 | D:4      | Robin changed into Robin the jackal
  2624 | D:4      | Killed Robin the jackal
  2639 | D:4      | Noticed a shapeshifter
  2639 | D:4      | a hobgoblin changed into a shapeshifter
  2639 | D:4      | Noticed a yak
  2639 | D:4      | a shapeshifter changed into a yak
  2645 | D:4      | XOM: enchant monster (good)
  2655 | D:4      | XOM: summons 4 friendly demons
  2656 | D:4      | Killed a yak
  2657 | D:4      | Gained mutation: You have a pair of small antennae on your
                  | head. [demonic ancestry]
  2657 | D:4      | Reached XP level 6. HP: 31/49 MP: 6/6
  2876 | D:4      | Found a transporter.
  2879 | D:4      | Noticed pgiattino's ghost (amateur TeSu)
  2915 | D:4      | XOM: summons friendly crimson imp
  2953 | D:4      | XOM: scenery: summon butterflies
  3000 | D:4      | Found a transporter.
  3038 | D:4      | Found a burning altar of Makhleb.
  3039 | D:4      | Found an iron altar of Okawaru.
  3100 | D:4      | Noticed a water moccasin
  3111 | D:4      | XOM: cast spell 'Olgreb's Toxic Radiance'
  3113 | D:4      | XOM: confuse monster(s)
  3128 | D:4      | Gained mutation: Your system is resistant to poisons.
                  | (rPois) [potion of mutation]
  3128 | D:4      | Gained mutation: You are clumsy. (Dex -2) [potion of
                  | mutation]
  3128 | D:4      | Gained mutation: Your mind is acute. (Int +2) [potion of
                  | mutation]
  3128 | D:4      | Gained mutation: You have an increased reservoir of magic.
                  | (+10% MP) [potion of mutation]
  3129 | D:4      | Killed a water moccasin
  3130 | D:4      | Reached skill level 5 in Fighting
  3412 | D:4      | Noticed Menkaure
  3416 | D:4      | XOM: butterfly on damage
  3488 | D:4      | Killed Menkaure
  3489 | D:4      | Reached XP level 7. HP: 42/56 MP: 7/7
  3625 | D:4      | XOM: give mutations
  3625 | D:4      | Gained mutation: Your skin changes colour to match your
                  | surroundings (Stealth+). [Xom's grace]
  3625 | D:4      | Gained mutation: You have hidden genetic potential. [Xom's
                  | grace]
  3625 | D:4      | Gained mutation: You have large cloven feet. [Xom's grace]
  3680 | D:5      | Entered Level 5 of the Dungeon
  3775 | D:5      | XOM: cloud trail
  3795 | D:5      | XOM: cleaving
  3815 | D:5      | Reached skill level 5 in Polearms
  3886 | D:5      | Noticed Sigmund
  3941 | D:5      | Noticed Pikel
  3945 | D:5      | XOM: summons friendly quasit
  3982 | D:5      | Killed Pikel
  3983 | D:5      | Reached skill level 5 in Dodging
  3983 | D:5      | Gained mutation: You have a pair of antennae on your head.
                  | [demonic ancestry]
  3983 | D:5      | Reached XP level 8. HP: 7/65 MP: 8/8
  4021 | D:5      | Lost mutation: Your system is resistant to poisons. (rPois)
                  | [potion of mutation]
  4021 | D:5      | Lost mutation: You have an increased reservoir of magic.
                  | (+10% MP) [potion of mutation]
  4021 | D:5      | Gained mutation: You tend to lose your temper in combat.
                  | [potion of mutation]
  4021 | D:5      | Lost mutation: Your mind is acute. (Int +2) [potion of
                  | mutation]
  4031 | D:5      | XOM: chaos cloud
  4043 | D:5      | XOM: confusion (+ monsters)
  4557 | D:5      | XOM: 2-stop teleportation journey
  4561 | D:5      | XOM: divination: magic mapping
  4567 | D:5      | XOM: smoke on damage
  4570 | D:5      | XOM: summons 3 hostile demons
  4590 | D:5      | HP: 2/65 [orc priest (2)]
  4662 | D:5      | XOM: noise
  4664 | D:5      | HP: 3/65 [orc (6)]
  4700 | D:5      | Identified a scroll of acquirement
  4700 | D:5      | Acquired the ring "Irchak" {rN+ Dex+2}
  4707 | D:5      | HP: 3/65 [centaur (1)]
  4712 | D:5      | Slain by a centaur

Illustrated notes

Levels and vault maps discovered:
D:1:      dpeg_arrival_rooms_c, layout_loops_ring,
          ebering_ecumenical_altar_abandoned, minmay_cupped
D:2:      layout_basic, serial_shops, shop
D:3:      layout_loops_ring, st_stairs_4, hangedman_feature_mirror, uniq_ijyb,
          uniq_terence
D:4:      layout_loops_ring, gammafunk_temple_overflow_statue,
          gammafunk_ghost_mausoleum, uniq_menkaure, uniq_robin
D:5:      lemuel_ice_spiral_2, layout_basic, uniq_pikel, uniq_sigmund

Skill      XL: |  1  2  3  4  5  6  7  8 |
---------------+-------------------------+-----
Dodging        | 1 2 3 4 5 |  5.5
Polearms       | 3 4 5 6 |  6.1
Fighting       | 4 5 6 |  6.7
Armour         | |  1.7

Action                   |  1- 3 |  4- 6 |  7- 9 || total
-------------------------+-------+-------+-------++-------
Melee: Spear             |    70 |   164 |   127 ||   361
       Punch             |     1 |     4 |       ||     5
       Kick              |       |       |    39 ||    39
  Use: Potion            |       |     5 |     3 ||     8
       Scroll            |       |       |     5 ||     5
 Stab: Petrified         |     2 |       |       ||     2
       Sleeping          |       |     1 |     2 ||     3
       Paralysed         |       |     1 |       ||     1
       Confused          |       |     5 |       ||     5
Armor: Leather armour    |    16 |    32 |    36 ||    84
Dodge: Dodged            |    24 |    53 |    79 ||   156

Table legend: (Time is in decaauts)
 A = Elapsed time spent in this place.
 B = Non-inter-level travel time spent in this place.
 C = Inter-level travel time spent in this place.
 D = Time resting spent in this place.
 E = Time spent auto-exploring this place.
 F = Levels seen in this place.
 G = Mean time per level.
                   A        B        C        D        E       F      G
               +--------+--------+--------+--------+--------+-----+--------+
         Total |   4667 |   4544 |    123 |    661 |   3031 |   5 |  933.4 |
       Dungeon |   4667 |   4544 |    123 |    661 |   3031 |   5 |  933.4 |
               +--------+--------+--------+--------+--------+-----+--------+

Top non-repeatable levels by time:
     D:4: 1489 daAuts
     D:3: 1167 daAuts
     D:1: 771 daAuts
     D:5: 664 daAuts
     D:2: 575 daAuts
